 Dungeon Crawl Stone Soup version 0.23.0 (webtiles) character file.

Game seed: 18107375911013474003

81 Laan the Conjurer (level 4, 0/24 HPs)
             Began as a Gargoyle Fire Elementalist on Feb 11, 2019.
             Killed from afar by Sigmund (10 damage)
             ... with a puff of flame
             ... on level 2 of the Dungeon.
             The game lasted 00:06:15 (2516 turns).

Laan the Conjurer (Gargoyle Fire Elementalist)      Turns: 2516, Time: 00:06:15

Health: 0/24       AC:  5    Str: 11    XL:     4   Next: 42%
Magic:  5/8        EV: 12    Int: 17    God:
Gold:   124        SH:  0    Dex: 10    Spells: 0/8 levels left

rFire    . . .     SeeInvis .   o - +0 whip (pain)
rCold    + . .     Gourm    .   (no shield)
rNeg     + . .     Faith    .   a - +0 robe
rPois    ∞         Spirit   .   (no helmet)
rElec    +         Reflect  .   (no cloak)
rCorr    .         Harm     .   (no gloves)
MR       .....                  (no boots)
Stlth    ++........             (no amulet)
HPRegen  0.08/turn              d - ring of protection from cold
MPRegen  0.11/turn              (no ring)

@: no status effects
A: negative energy resistance 1, electricity resistance, unbreathing,
petrification resistance, rot immunity, AC +3
a: no special abilities


You were on level 2 of the Dungeon.
You were not hungry.

You visited 1 branch of the dungeon, and saw 2 of its levels.

You collected 124 gold pieces.

Inventory:

Hand Weapons
 e - a +0 dagger of flaming
 i - a +2 vampiric short sword
 o - a +0 whip of pain (weapon)
Armour
 a - a +0 robe (worn)
Jewellery
 d - a ring of protection from cold (left hand)
 l - an uncursed amulet of the acrobat {unknown}
Scrolls
 b - a scroll of enchant weapon {unknown}
 f - a scroll of fear {unknown}
 h - a scroll of identify {unknown}
 k - a scroll of enchant armour {unknown}
 m - a scroll of amnesia {unknown}
 n - a scroll of fog {unknown}
 p - a scroll of remove curse {unknown}
 r - a scroll of teleportation {unknown}
Potions
 g - 2 potions of haste {unknown}
 j - 2 potions of flight {unknown}
Comestibles
 c - 3 rations


   Skills:
 - Level 1.5 Dodging
 - Level 2.1 Stealth
 + Level 2.8 Spellcasting
 * Level 3.7 Conjurations
 - Level 3.0 Fire Magic


You couldn't memorise any spells.
You knew the following spells:

 Your Spells              Type           Power        Failure   Level  Hunger
a - Flame Tongue          Conj/Fire      ##...        4%          1    #......
b - Conjure Flame         Conj/Fire      ##......     13%         3    ###....
c - Sticky Flame          Conj/Fire      ##......     41%         4    #####..

Your spell library contained the following spells:

 Spells                   Type           Power        Failure   Level  Hunger
 Throw Flame              Conj/Fire      ##....       7%          2    ##.....
 Inner Flame              Hex/Fire       #.......     28%         3    ###....
 Fireball                 Conj/Fire      ##........   77%         5    ######.


Dungeon Overview and Level Annotations

Branches:
Dungeon (2/15)

Altars:

Annotations:
D:2 Sigmund


Innate Abilities, Weirdness & Mutations

You are resistant to torment.
Your stone body is resilient. (AC +3)
You are immune to poison.
You resist negative energy. (rN+)
You are resistant to electric shocks. (rElec)
You can survive without breathing.
You are immune to petrification.
You are immune to rotting.


Message History

Aiming: Sticky Flame (quite dangerous; 41% risk of failure)
Press: ? - help, Shift-Dir - straight line, f - Sigmund
Aim: Sigmund, wielding a +0 scythe and wearing a +0 robe The sticky flame hits Sigmund but does no damage.
Sigmund is covered in liquid flames!
Sigmund burns!
Sigmund closely misses you.
Sigmund burns!
Sigmund hits you from afar with a +0 scythe.
There is a stone staircase leading up here.
Sigmund burns!
Sigmund burns!
Sigmund casts a spell.
Sigmund flickers and vanishes for a moment.
Sigmund burns!
A magic dart appears from out of thin air!
Deactivating autopickup; reactivate with Ctrl-A.
The magic dart hits you.
Something tries to affect you, but you resist.
A puff of flame appears from out of thin air!
The puff of flame hits you!
You die...

#......# #...#..##...##..##.#...
###########...#....)...##....#...
.........##...#..##...##..#..#...
.........#######..##.##..###.....
.........# #.#..###..#÷##.....
.........# ##.#..#..#.####....
.........# #÷#.#...#.#.# #....
....<....################## #....
................@...#########....
.........##########.#............
..............................###
...#..........................###
...#...................####.....#
...#................(..####.....#
.............................>..'
................................#
.........).................#.....


There were no monsters in sight!

Vanquished Creatures
  2 adders (D:2)
  2 worms (D:2)
  2 dart slugs
  A leopard gecko (D:2)
  A ball python (D:1)
  7 bats
  A giant cockroach (D:1)
  4 goblins (D:2)
  11 hobgoblins
  2 jackals (D:2)
  5 kobolds
  A quokka (D:2)
  7 frilled lizards
  5 rats
51 creatures vanquished.

Notes
Turn   | Place    | Note
-------+----------+-------------------------------------------
     0 | D:1      | Laan the Gargoyle Fire Elementalist began the quest for the
                  | Orb.
     0 | D:1      | Reached XP level 1. HP: 10/10 MP: 3/3
   297 | D:1      | Reached XP level 2. HP: 15/15 MP: 3/5
   897 | D:2      | Reached XP level 3. HP: 18/19 MP: 0/6
  1638 | D:2      | Reached XP level 4. HP: 24/24 MP: 3/8
  2287 | D:2      | Noticed Sigmund
  2495 | D:1      | Learned a level 3 spell: Conjure Flame
  2500 | D:1      | Learned a level 4 spell: Sticky Flame
  2516 | D:2      | Killed from afar by Sigmund

Skill      XL: |  1  2  3 |
---------------+----------+-----
Conjurations   | 2 3 |  3.7
Dodging        | |  1.5
Stealth        | |  2.1
Spellcasting   | |  2.8
Fire Magic     | |  3.0

Action                   |  1- 3 |  4- 6 || total
-------------------------+-------+-------++-------
Melee: Dagger            |     6 |       ||     6
       Whip              |    11 |     2 ||    13
 Cast: Flame Tongue      |    74 |    28 ||   102
       Sticky Flame      |       |     1 ||     1
  Eat: Chunk             |     3 |     3 ||     6
Armor: Robe              |     9 |     7 ||    16
Dodge: Dodged            |    23 |    13 ||    36
